 Dungeon Crawl Stone Soup version 0.28-a0-1233-g92def6ad0a (webtiles) character file.

Game seed: 15727399706501298616

224 ChaosChampion the Magician (level 5, -1/28 HPs)
             Began as a Deep Elf Conjurer on Dec 23, 2021.
             Killed from afar by a steam dragon (29 damage)
             ... with a ball of steam
             ... on level 4 of the Dungeon.
             The game lasted 00:01:36 (2639 turns).

ChaosChampion the Magician (Deep Elf Conjurer)      Turns: 2639, Time: 00:01:36

Health: -1/28      AC:  2    Str:  4    XL:     5   Next: 67%
Magic:  6/15       EV: 12    Int: 25    God:
Gold:   99         SH:  0    Dex: 13    Spells: 4/15 levels left

rFire   . . .      SeeInvis .   (no weapon)
rCold   . . .      Faith    .   (no shield)
rNeg    . . .      Spirit   .   a - +0 robe
rPois   .          Reflect  .   (no helmet)
rElec   .          Harm     .   (no cloak)
rCorr   .          Rampage  .   (no gloves)
Will    .....                   (no boots)
Stlth   ++........              (no amulet)
HPRegen 0.09/turn               (no ring)
MPRegen 0.14/turn               (no ring)

@: no status effects
A: no striking features
a: no special abilities


You were on level 4 of the Dungeon.
You visited 1 branch of the dungeon, and saw 4 of its levels.

You collected 99 gold pieces.

Inventory:

Armour
 a - a +0 robe (worn)
Jewellery
 h - a ring of fire
Wands
 m - a wand of paralysis (7)
Scrolls
 b - a scroll of fog {unknown}
 d - a scroll of magic mapping {unknown}
 f - a scroll of amnesia {unknown}
 j - a scroll of enchant weapon {unknown}
 k - a scroll of summoning {unknown}
 l - a scroll of holy word {unknown}
 n - a scroll of identify {unknown}
 p - a scroll of teleportation {unknown}
Potions
 c - a potion of resistance {unknown}
 e - a potion of attraction {unknown}
 g - a potion of berserk rage {unknown}
 i - a potion of might {unknown}
 o - a potion of curing {unknown}


   Skills:
 - Level 2.4 Dodging
 - Level 2.4 Stealth
 + Level 5.8 Spellcasting
 + Level 5.4 Conjurations
 * Level 2.9 Hexes
 + Level 1.7 Translocations


You had 4 spell levels left.
You knew the following spells:

 Your Spells              Type           Power      Damage    Failure   Level
a - Magic Dart            Conj           100%       1d8       1%          1
b - Searing Ray           Conj           68%        2d6       1%          2
c - Fulminant Prism       Conj/Hex       14%        3d9       14%         4
d - Iskenderun's Mystic   Conj/Tloc      25%        2d7       17%         4

Your spell library contained the following spells:

 Spells                   Type           Power      Damage    Failure   Level
 Dazzling Flash           Conj/Hex       56%        N/A       4%          3


Dungeon Overview and Level Annotations

Branches:
Dungeon (4/15)
 Temple: D:4-7

Altars:

Shops:
D:1 =


Message History

There are monsters nearby!
There are monsters nearby!
Casting: Magic Dart (safe; 1% risk of failure)
Confirm with . or Enter, or press ? or * to list all spells.
Aiming: Magic Dart (safe; 1% risk of failure)
Press: ? - help, Shift-Dir - straight line, f/p - Natasha
Aim: Natasha (moderately wounded, 100% to hit)
The magic dart hits Natasha.
Natasha is heavily wounded.
Casting: Magic Dart (safe; 1% risk of failure)
Confirm with . or Enter, or press ? or * to list all spells.
Aiming: Searing Ray (safe; 1% risk of failure)
Press: ? - help, Shift-Dir - straight line, f/p - Natasha
Aim: Natasha (heavily wounded, 76% to hit)
The searing ray hits Natasha!
You kill Natasha!
Natasha yowls pathetically as she dies! (Press . to maintain the ray.)
You have reached level 5!
Casting: Searing Ray (safe; 1% risk of failure)
Confirm with . or Enter, or press ? or * to list all spells.
Restarting spell: Searing Ray (safe; 1% risk of failure)
Press: ? - help, Shift-Dir - straight line, f - necrophage
Aim: a necrophage (81% to hit)
The searing ray hits the necrophage!
The necrophage is moderately damaged. (Press . to maintain the ray.)
The searing ray hits the necrophage!
The necrophage is severely damaged.
The searing ray hits the necrophage!
You destroy the necrophage!
Your Hexes skill increases to level 2!
A steam dragon is nearby!
A steam dragon is nearby!
You finish channelling your searing ray.
The steam dragon hisses angrily.
The steam dragon breathes steam at you. The ball of steam hits you!!
Ouch! That really hurt!
You die...

...#
...#
...#
...#
†..#
.[.#
##...#
#@.#
#.§.#
#.#§#
#. §#
?. D#
#.# .#
.. .#
.## .#


There were no monsters in sight!

Vanquished Creatures
  A necrophage (D:4)
  An orc priest (D:3)
  Natasha (D:4)
  2 adders
  2 dart slugs
  3 orcs (D:3)
  7 bats
  3 endoplasms (D:1)
  3 giant cockroaches
  4 goblins
  8 hobgoblins
  3 jackals (D:1)
  2 kobolds
  4 quokkas
  3 ball pythons
  2 frilled lizards (D:2)
  5 rats
54 creatures vanquished.

Notes
Turn   | Place    | Note
-------+----------+-------------------------------------------
     0 | D:1      | ChaosChampion the Deep Elf Conjurer began the quest for the
                  | Orb.
     0 | D:1      | Reached XP level 1. HP: 10/10 MP: 6/6
   295 | D:1      | Reached XP level 2. HP: 15/15 MP: 6/8
   367 | D:1      | Learned a level 2 spell: Searing Ray
   375 | D:1      | Found a faded altar of an unknown god.
   866 | D:1      | Found Siud Luf's Jewellery Emporium.
  1053 | D:2      | Reached XP level 3. HP: 19/19 MP: 8/10
  1682 | D:2      | Reached skill level 5 in Spellcasting
  1796 | D:3      | Reached skill level 5 in Conjurations
  1859 | D:3      | Reached XP level 4. HP: 24/24 MP: 11/13
  1898 | D:3      | Learned a level 4 spell: Fulminant Prism
  1903 | D:3      | Learned a level 4 spell: Iskenderun's Mystic Blast
  2123 | D:3      | Reached skill level 1 in Hexes
  2457 | D:3      | Reached skill level 1 in Translocations
  2630 | D:4      | Noticed Natasha
  2630 | D:4      | Noticed a necrophage
  2630 | D:4      | Noticed a steam dragon
  2633 | D:4      | Killed Natasha
  2634 | D:4      | Reached XP level 5. HP: 28/28 MP: 10/15
  2636 | D:4      | Killed a necrophage
  2639 | D:4      | Killed from afar by a steam dragon

Illustrated notes

Levels and vault maps discovered:
D:1:      tarquinn_simple_flora_water_d, layout_basic, serial_shops,
          shop_statue, shapermc_ecumenical_altar_gd
D:2:      layout_basic
D:3:      layout_loops_ring
D:4:      layout_rooms, uniq_natasha, uniq_pikel, uniq_eustachio

Skill      XL: |  1  2  3  4  5 |
---------------+----------------+-----
Spellcasting   | 4 5 |  5.8
Conjurations   | 5 |  5.4
Hexes          | 1 2 |  2.9
Translocations | 1 |  1.7
Dodging        | |  2.4
Stealth        | |  2.4

Action                   |  1- 3 |  4- 6 || total
-------------------------+-------+-------++-------
 Cast: Magic Dart        |    69 |    24 ||    93
       Searing Ray       |     2 |     4 ||     6
Armor: Robe              |       |     1 ||     1
Dodge: Dodged            |       |     2 ||     2

Table legend: (Time is in decaauts)
 A = Elapsed time spent in this place.
 B = Non-inter-level travel time spent in this place.
 C = Inter-level travel time spent in this place.
 D = Time resting spent in this place.
 E = Time spent auto-exploring this place.
 F = Levels seen in this place.
 G = Mean time per level.
                   A        B        C        D        E       F      G
               +--------+--------+--------+--------+--------+-----+--------+
         Total |   2638 |   2571 |     67 |     52 |   2269 |   4 |  659.5 |
       Dungeon |   2638 |   2571 |     67 |     52 |   2269 |   4 |  659.5 |
               +--------+--------+--------+--------+--------+-----+--------+

Top non-repeatable levels by time:
     D:1: 1049 daAuts
     D:3: 846 daAuts
     D:2: 733 daAuts
     D:4: 8 daAuts
